 Dungeon Sprint DCSS version 0.21.1-1-g345015f (webtiles) character file.

3500000 vatarom the Axe Maniac (level 25, -26/234 HPs)
             Began as a Formicid Gladiator on Apr 28, 2018.
             Was the Champion of Makhleb.
             Annihilated by a destroyer
             ... wielding a +9 great sword of slicing
              (207 damage)
             ... in the Dungeon (Sprint VIII: "Arena of Blood").
             The game lasted 00:00:56 (35 turns).

vatarom the Axe Maniac (Formicid Gladiator)           Turns: 35, Time: 00:00:56

Health: -26/234    AC:  6    Str: 22    XL:     25   Next: 98%
Magic:  24/54      EV: 34    Int:  9    God:    Makhleb [******]
Gold:   0          SH:  0    Dex: 20    Spells: 78/78 levels left

rFire    . . .     SeeInvis +   k - +∞ Axe of Woe
rCold    . . .     Gourm    .   (no shield)
rNeg     . . .     Faith    .   b - +0 leather armour
rPois    .         Spirit   .   (helmet unavailable)
rElec    .         Reflect  .   (no cloak)
rCorr    .         Harm     .   (no gloves)
MR       ++...                  (no boots)
Stlth    +++++++++.             (no amulet)
HPRegen  0.49/turn              (no ring)
MPRegen  0.34/turn              (no ring)

@: no status effects
A: permanent stasis, dig shafts and tunnels, four strong arms, antennae 3
a: Dig, Minor Destruction, Lesser Servant of Makhleb, Major Destruction, Greater
Servant of Makhleb, Renounce Religion


You were in the Dungeon.
You worshipped Makhleb.
Makhleb was exalted by your worship.
You were not hungry.

You visited 1 branch

Inventory:

Hand Weapons
 a - a +0 war axe
 k - the +∞ Axe of Woe (weapon)
   (You found it in the Dungeon)
Missiles
 c - 3 throwing nets (quivered)
Armour
 b - a +0 leather armour (worn)
Scrolls
 j - a scroll of blinking
Potions
 e - a potion of curing
 f - a potion of heal wounds
 g - a potion of haste
 h - 2 potions of magic
 i - a potion of berserk rage
Comestibles
 d - a ration


   Skills:
 O Level 27 Fighting
 O Level 27 Axes
 O Level 27 Throwing
 O Level 27 Armour
 O Level 27 Dodging
 O Level 27 Stealth
 O Level 27 Unarmed Combat
 O Level 27 Spellcasting
 O Level 27 Invocations


You had 78 spell levels left.
You didn't know any spells.

Dungeon Overview and Level Annotations

Branches:
Dungeon (1/1)

Altars:
Makhleb


Innate Abilities, Weirdness & Mutations

You cannot be hasted, slowed, berserked, paralysed or teleported.
You can dig through walls and to a lower floor.
Your four strong arms can wield two-handed weapons with a shield.
You have a pair of large antennae on your head. (SInv)


Message History

Makhleb accepts your kill.
You feel better.
You slice the destroyer!!
You fatally mangle the destroyer.
You destroy the destroyer!
Makhleb accepts your kill.
You are engulfed in blazing flames.
You hear a shout! x2
The destroyer blinks!
You hear a shout! x2
Unknown command.
A bag of meat comes into view. It is wielding a +9 war axe.
You hear a shout! x4
The destroyer blinks!
You hear a shout!
The destroyer blinks!
You hear a shout! x4
The destroyer blinks!
You hear a shout!
The destroyer hits you with a +9 great sword of slicing!!!!!
Ouch! That really hurt!
You die...

......###))......
.###...)§).###...
...#..)))).#.....
...#..)....#...
.....§.§...o...
.....§§§V....O.
......§§§.....#
O.....§§§...##..
..#....@...#....
......V.V..#...
.##.#.....Oo..o
.§......V....o
#....#.....####
............
.............
.......=......


You could see 4 destroyers, 3 meat berserkers and 4 bags of meat.

Vanquished Creatures
  2 vampire knights (D)
  8 ogres (D)
  2 two-headed ogres (D)
  24 orcs (D)
36 creatures vanquished.

Notes
Turn   | Place    | Note
-------+----------+-------------------------------------------
     0 | D        | Found the +∞ Axe of Woe
     0 | D        | vatarom the Formicid Gladiator began the quest for the Orb.
     0 | D        | Reached XP level 1. HP: 16/16 MP: 1/1
     3 | D        | Noticed a bag of meat
     3 | D        | Noticed a bag of meat
     4 | D        | Became a worshipper of Makhleb the Destroyer
     5 | D        | Noticed a bag of meat
     5 | D        | Noticed a bag of meat
     7 | D        | Noticed a meat berserker
     7 | D        | Noticed a bag of meat
     8 | D        | Noticed a bag of meat
     8 | D        | Noticed a meat berserker
     8 | D        | Noticed a bag of meat
     8 | D        | Noticed a bag of meat
     9 | D        | Noticed a meat berserker
     9 | D        | Killed a bag of meat
     9 | D        | Reached XP level 2. HP: 37/37 MP: 2/2
     9 | D        | Reached XP level 3. HP: 43/43 MP: 3/3
     9 | D        | Reached XP level 4. HP: 50/50 MP: 4/4
     9 | D        | Reached XP level 5. HP: 56/56 MP: 5/5
     9 | D        | Reached XP level 6. HP: 62/62 MP: 6/6
     9 | D        | Reached XP level 7. HP: 68/68 MP: 7/7
     9 | D        | Reached XP level 8. HP: 75/75 MP: 8/8
     9 | D        | Reached XP level 9. HP: 81/81 MP: 9/9
     9 | D        | Reached XP level 10. HP: 88/88 MP: 10/10
     9 | D        | Reached XP level 11. HP: 93/93 MP: 11/11
     9 | D        | Reached XP level 12. HP: 100/100 MP: 12/12
     9 | D        | Killed a bag of meat
     9 | D        | Reached * piety under Makhleb
     9 | D        | Reached XP level 13. HP: 109/109 MP: 13/13
     9 | D        | Killed a bag of meat
     9 | D        | Reached XP level 14. HP: 120/120 MP: 14/14
    10 | D        | Noticed a meat berserker
    10 | D        | Noticed a bag of meat
    10 | D        | Noticed a bag of meat
    11 | D        | Noticed a bag of meat
    11 | D        | Noticed a bag of meat
    11 | D        | Noticed a meat berserker
    11 | D        | Killed a bag of meat
    11 | D        | Reached XP level 15. HP: 127/127 MP: 15/15
    11 | D        | Reached ** piety under Makhleb
    11 | D        | Reached skill level 15 in Fighting
    11 | D        | Killed a meat berserker
    11 | D        | Reached skill level 15 in Throwing
    11 | D        | Reached XP level 16. HP: 141/141 MP: 16/16
    12 | D        | Killed a meat berserker
    12 | D        | Reached skill level 27 in Axes
    12 | D        | Reached XP level 17. HP: 153/153 MP: 17/17
    13 | D        | Noticed a meat berserker
    13 | D        | Noticed a meat berserker
    13 | D        | Killed a meat berserker
    13 | D        | Reached *** piety under Makhleb
    13 | D        | Reached skill level 27 in Dodging
    13 | D        | Reached XP level 18. HP: 171/171 MP: 18/18
    14 | D        | Killed a meat berserker
    14 | D        | Killed a meat berserker
    14 | D        | Reached skill level 27 in Fighting
    14 | D        | Reached skill level 27 in Throwing
    14 | D        | Reached XP level 19. HP: 189/189 MP: 19/19
    16 | D        | Reached **** piety under Makhleb
    16 | D        | Reached skill level 10 in Stealth
    17 | D        | Reached skill level 10 in Unarmed Combat
    17 | D        | Reached skill level 10 in Spellcasting
    17 | D        | Killed a meat berserker
    17 | D        | Reached XP level 20. HP: 197/197 MP: 19/37
    17 | D        | Reached skill level 15 in Unarmed Combat
    17 | D        | Reached skill level 15 in Spellcasting
    17 | D        | Reached ***** piety under Makhleb
    18 | D        | Reached XP level 21. HP: 204/204 MP: 19/42
    18 | D        | Killed a meat berserker
    20 | D        | Reached XP level 22. HP: 212/212 MP: 19/47
    22 | D        | Reached ****** piety under Makhleb
    22 | D        | Reached skill level 27 in Stealth
    22 | D        | Reached skill level 27 in Invocations
    23 | D        | Reached XP level 23. HP: 219/219 MP: 20/51
    24 | D        | Reached skill level 27 in Armour
    24 | D        | Reached skill level 27 in Unarmed Combat
    24 | D        | Reached skill level 27 in Spellcasting
    25 | D        | Noticed a large bag of meat
    26 | D        | Noticed a large bag of meat
    27 | D        | Reached XP level 24. HP: 227/227 MP: 21/54
    28 | D        | Noticed a destroyer
    29 | D        | Noticed a destroyer
    30 | D        | Noticed a destroyer
    30 | D        | Noticed a destroyer
    31 | D        | Killed a destroyer
    31 | D        | Killed a large bag of meat
    31 | D        | Reached XP level 25. HP: 234/234 MP: 22/54
    32 | D        | Noticed a destroyer
    33 | D        | Noticed a destroyer
    34 | D        | Killed a large bag of meat
    34 | D        | Killed a destroyer
    35 | D        | Annihilated by a destroyer

Skill      XL: |  1  2  3  4  5  6  7  8  9 10 11 12 13 14 15 16 17 18 19 20 21 22 23 |
---------------+----------------------------------------------------------------------+-----
Fighting       | 11 12 14 17 19 23 27 | 27.0
Axes           | 17 20 22 23 26 27 | 27.0
Throwing       | 9 11 12 13 15 17 20 27 | 27.0
Dodging        | 16 18 20 21 23 26 27 | 27.0
Armour         | 14 18 22 26 27 | 27.0
Stealth        | 17 21 26 27 | 27.0
Unarmed Combat | 13 17 21 25 27 | 27.0
Spellcasting   | 13 17 21 24 27 | 27.0
Invocations    | 16 19 24 27 | 27.0

Action                   |  1- 3 |  4- 6 |  7- 9 | 10-12 | 13-15 | 16-18 | 19-21 | 22-24 | 25-27 || total
-------------------------+-------+-------+-------+-------+-------+-------+-------+-------+-------++-------
Melee: Executioner's axe |     1 |       |       |       |     1 |     3 |     5 |     7 |     1 ||    18
Dodge: Dodged            |       |       |       |       |     1 |       |     1 |       |     1 ||     3
